 Dungeon Crawl Stone Soup version 0.30-a0-1016-gfb0d676c02 (webtiles) character file.

Game seed: 9959833468222227943

357 ThatPearl the Shooter (level 6, -3/43 HPs)
             Began as a Barachi Hexslinger on Apr 6, 2023.
             Killed from afar by Pikel (8 damage)
             ... with a puff of flame
             ... on level 4 of the Dungeon.
             The game lasted 00:09:39 (3461 turns).

ThatPearl the Shooter (Barachi Hexslinger)          Turns: 3461, Time: 00:09:40

Health: -3/43      AC:  2    Str: 11    XL:     6   Next: 64%
Magic:  7/7        EV: 12    Int: 13    God:
Gold:   125        SH:  0    Dex: 15    Spells: 3/7 levels left

rFire   . . .      SeeInvis .    a - +1 sling
rCold   . . .      Faith    .    (no shield)
rNeg    . . .      Spirit   .    c - +0 robe
rPois   .          Reflect  .    (no helmet)
rElec   .          Rampage  .    (no cloak)
rCorr   .                        (no gloves)
Will    .....                    (no boots)
Stlth   +                        (no amulet)
HPRegen 0.27/turn                (no ring)
MPRegen 0.10/turn                (no ring)

@: invisible, slow
A: amphibious, slowness 1, strong legs 1, +LOS
a: Hop


You were on level 4 of the Dungeon.
You visited 1 branch of the dungeon, and saw 4 of its levels.

You collected 125 gold pieces.

Inventory:

Hand Weapons
 a - a +1 sling (weapon)
 h - a +2 dagger of venom
 j - a +0 lajatang
 q - a +2 spectral club
 y - a +2 dagger of protection
Missiles
 v - 5 javelins
 x - a boomerang of dispersal
Armour
 c - a +0 robe (worn)
 t - an orb of mayhem
Wands
 p - a wand of digging (4)
Scrolls
 b - a scroll of poison
 d - 5 scrolls of fear {unknown}
 e - a scroll of amnesia {unknown}
 f - 7 scrolls of identify {unknown}
 i - 2 scrolls of vulnerability {unknown}
 n - a scroll of fog {unknown}
 u - a scroll of enchant armour {unknown}
 z - a scroll of noise {unknown}
Potions
 k - 2 potions of might {unknown}
 l - a potion of brilliance {unknown}
 m - a potion of invisibility
 o - a potion of ambrosia {unknown}
 r - a potion of curing {unknown}
 s - a potion of magic {unknown}
 w - a potion of degeneration {unknown}


   Skills:
 - Level 1.2 Fighting
 * Level 5.8 Ranged Weapons
 - Level 2.1 Dodging
 - Level 1.1 Spellcasting
 + Level 5.1 Hexes


You had 3 spell levels left.
You knew the following spells:

 Your Spells              Type           Power      Damage    Failure   Level
p - Portal Projectile     Hex/Tloc       14%        N/A       28%         3
s - Slow                  Hex            56%        N/A       3%          1

Your spell library contained the following spells:

 Spells                   Type           Power      Damage    Failure   Level
 Shock                    Conj/Air       0%         1d3       28%         1
 Inner Flame              Hex/Fire       7%         N/A       28%         3
 Ignite Poison            Fire/Tmut/Pois 0%         N/A       63%         3
 Swiftness                Air            0%         N/A       63%         3
 Cause Fear               Hex            7%         N/A       34%         4
 Airstrike                Air            0%         2d(0-16)  95%         4
 Sticky Flame             Conj/Fire      0%         2d3       95%         4
 Ignition                 Fire           0%         3d3       100%        8


Dungeon Overview and Level Annotations

Branches:
Dungeon (4/15)
 Temple: D:4-7

Altars:
Qazlal

Shops:
D:2 (

Annotations:
D:4 Blork the orc, Edmund, Eustachio, Pikel


Innate Abilities, Weirdness & Mutations

You are amphibious.
You cover ground slowly.
You can hop short distances.
You have an extended range of vision and can be seen from far away.


Message History

Pikel zaps a wand.
The puff of flame hits you.
Fire: a) +1 sling
Press: ? - help, Q - select action, (/) - cycle Shift-Dir - straight line, f/p - Pikel
Aim: Pikel, wielding a +0 whip of freezing, wearing a +0 robe and carrying a wand of flame (15) (heavily wounded, 51% to hit)
You shoot a sling bullet. The sling bullet hits Pikel.
Pikel is heavily wounded.
Pikel hits you with a +0 whip of freezing.
Pikel freezes you.
* * * LOW HITPOINT WARNING * * *
You feel much better.
Pikel zaps a wand.
The puff of flame hits you!
Fire: a) +1 sling
Press: ? - help, Q - select action, (/) - cycle Shift-Dir - straight line, f/p - Pikel
Aim: Pikel, wielding a +0 whip of freezing, wearing a +0 robe and carrying a wand of flame (14) (heavily wounded, 51% to hit)
You shoot a sling bullet. The sling bullet hits Pikel.
Pikel is heavily wounded.
Pikel zaps a wand.
The puff of flame hits you!
* * * LOW HITPOINT WARNING * * *
Fire: a) +1 sling
Press: ? - help, Q - select action, (/) - cycle Shift-Dir - straight line, f/p - Pikel
Aim: Pikel, wielding a +0 whip of freezing, wearing a +0 robe and carrying a wand of flame (13) (heavily wounded, 51% to hit)
You shoot a sling bullet. The sling bullet closely misses Pikel.
The sling bullet barely misses the lemure.
The sling bullet closely misses the lemure.
The sling bullet hits the lemure.
The lemure is lightly wounded.
Pikel hits you with a +0 whip of freezing.
* * * LOW HITPOINT WARNING * * *
Pikel freezes you.
* * * LOW HITPOINT WARNING * * *
It was a potion of invisibility.
You fade into invisibility!
Pikel barely misses you.
Fire: a) +1 sling
Press: ? - help, Q - select action, (/) - cycle Shift-Dir - straight line, f/p - Pikel
Aim: Pikel, wielding a +0 whip of freezing, wearing a +0 robe and carrying a wand of flame (13) (heavily wounded, unable to see you, 51% to hit)
You shoot a sling bullet.
The sling bullet hits Pikel but does no damage.
Pikel is heavily wounded.
Pikel zaps a wand.
The puff of flame hits you!
You die...

.. #.#
...
######S.#
#@K5555.#
######..#
#5K.....
#....##
#.<# ##.#
#.# #.#
#.#


You could see Pikel (unable to see you), 4 lemures and a ball python (unable to
see you).

Vanquished Creatures
  Grinder (D:3)
  Ijyb (D:3)
  6 adders
  2 worms
  2 dart slugs
  5 orcs
  10 ball pythons
  4 endoplasms
  2 giant cockroaches
  7 goblins
  4 hobgoblins
  A jackal (D:1)
  6 kobolds
  6 quokkas
  11 bats
  4 frilled lizards
  3 rats
75 creatures vanquished.

Notes
Turn   | Place    | Note
-------+----------+-------------------------------------------
     0 | D:1      | ThatPearl the Barachi Hexslinger began the quest for the
                  | Orb.
     0 | D:1      | Reached XP level 1. HP: 15/15 MP: 2/2
    72 | D:1      | Reached XP level 2. HP: 21/21 MP: 3/3
   679 | D:1      | Reached XP level 3. HP: 26/26 MP: 4/4
  1201 | D:2      | Found Gicimiv's Weapon Shop.
  1503 | D:2      | Learned a level 3 spell: Portal Projectile
  1612 | D:2      | Reached XP level 4. HP: 16/32 MP: 5/5
  1795 | D:2      | HP: 1/32 [poisoned by an adder]
  2299 | D:3      | Noticed Ijyb
  2320 | D:3      | Killed Ijyb
  2392 | D:3      | Found a stormy altar of Qazlal.
  2492 | D:3      | Reached XP level 5. HP: 20/37 MP: 6/6
  2608 | D:3      | Noticed Grinder
  2624 | D:3      | Killed Grinder
  2625 | D:3      | Reached skill level 5 in Ranged Weapons
  2625 | D:3      | Reached skill level 5 in Hexes
  2625 | D:3      | Reached XP level 6. HP: 39/43 MP: 4/7
  3211 | D:4      | Noticed Pikel
  3388 | D:4      | Noticed Eustachio
  3388 | D:4      | Noticed Edmund
  3390 | D:4      | Noticed Blork the orc
  3461 | D:4      | Killed from afar by Pikel

Illustrated notes

Levels and vault maps discovered:
D:1:      dpeg_arrival_brainrot, layout_loops_ring,
          chequers_serial_rivers_micro_a, columned_hall_lemuel,
          nrook_loot_triangle, eino_curves_03, corexii_leaking_fountain
D:2:      minmay_diamond_boxcup, layout_basic, serial_shops,
          nicolae_shop_behind_doors, kennysheep_generic_room_14
D:3:      minmay_razor_zed, layout_basic, marbit_many_paths, uniq_ijyb,
          uniq_grinder
D:4:      layout_basic, uniq_eustachio, uniq_edmund, uniq_pikel,
          uniq_blork_the_orc

Skill      XL: |  1  2  3  4  5 |
---------------+----------------+-----
Ranged Weapons | 3 4 5 |  5.8
Hexes          | 4 5 |  5.1
Fighting       | |  1.2
Dodging        | |  2.1
Spellcasting   | |  1.1

Action                     |  1- 3 |  4- 6 || total
---------------------------+-------+-------++-------
   Fire: Sling             |    97 |   196 ||   293
   Cast: Slow              |     3 |    13 ||    16
Ability: Hop               |     1 |       ||     1
    Use: Potion            |       |     3 ||     3
 Armour: Robe              |     5 |    25 ||    30
  Dodge: Dodged            |    26 |    86 ||   112

Table legend: (Time is in decaauts)
 A = Elapsed time spent in this place.
 B = Non-inter-level travel time spent in this place.
 C = Inter-level travel time spent in this place.
 D = Time resting spent in this place.
 E = Time spent auto-exploring this place.
 F = Levels seen in this place.
 G = Mean time per level.
                   A        B        C        D        E       F      G
               +--------+--------+--------+--------+--------+-----+--------+
         Total |   3975 |   3776 |    199 |    334 |   2767 |   4 |  993.8 |
       Dungeon |   3975 |   3776 |    199 |    334 |   2767 |   4 |  993.8 |
               +--------+--------+--------+--------+--------+-----+--------+

Top non-repeatable levels by time:
     D:2: 1509 daAuts
     D:3: 1317 daAuts
     D:1: 981 daAuts
     D:4: 165 daAuts
